 Dungeon Crawl Stone Soup version 0.21-a0-94-gdd6ab6a (webtiles) character file.

82 sagitran the Basher (level 4, 0/37 HPs)
             Began as a Gnoll Wanderer on July 1, 2017.
             Succumbed to an adder's poison
             ... on level 3 of the Dungeon on July 2, 2017.
             The game lasted 00:12:31 (2047 turns).

sagitran the Basher (Gnoll Wanderer)                Turns: 2047, Time: 00:12:32

Health: 0/37       AC:  5    Str:  8 (9)  XL:     4   Next: 43%
Magic:  4/4        EV: 10    Int:  7 (10) God:
Gold:   163        SH:  0    Dex: 17 (18) Spells: 3/3 levels left

rFire    . . .     SeeInvis .   a - +2 mace
rCold    . . .     Gourm    .   (no shield)
rNeg     . . .     Faith    .   b - +0 ring mail
rPois    .         Spirit   .   (no helmet)
rElec    .         Reflect  .   (no cloak)
rCorr    .         Harm     .   (no gloves)
MR       .....                  (no boots)
Stlth    +.........             (no amulet)
HPRegen  0.12/turn              (no ring)
MPRegen  0.09/turn              (no ring)

@: lethally poisoned (0 -> -2)
A: short attention span, fangs 1, strong nose
a: no special abilities


You were on level 3 of the Dungeon.
You were not hungry.

You visited 1 branch of the dungeon, and saw 3 of its levels.

You collected 163 gold pieces.

Inventory:

Hand Weapons
 a - a +2 mace (weapon)
Missiles
 j - 65 stones (quivered)
Armour
 b - a +0 ring mail (worn)
Scrolls
 c - 4 scrolls of teleportation
 h - 2 scrolls of remove curse
Potions
 d - a potion of agility
 k - a potion of flight
Comestibles
 g - 2 meat rations
 i - 2 royal jellies
 l - a bread ration


   Skills:
 + Level 4.2 Fighting
 + Level 8.1 Maces & Flails
 + Level 2.4 Armour
 + Level 0.9 Dodging
 + Level 1.7 Stealth
   Level 1.7 Shields


You had 3 spell levels left.
You didn't know any spells.

Dungeon Overview and Level Annotations

Branches:
Dungeon (3/15)

Altars:
Hepliaklqana


Innate Abilities, Weirdness & Mutations

You have a short attention span.
You have very sharp teeth.
Your uncanny sense of smell can sniff out nearby items.


Message History

Your ring mail prevents you from hitting the adder.
The adder is almost dead.
* * * LOW HITPOINT WARNING * * *
You feel sick. The adder barely misses you. The adder closely misses you.
You thump the adder!
You kill the adder!
Okay, then.
Okay, then.
Okay, then.
As you read the scroll labeled NONTAU DUM WAN, it crumbles to dust.
It is a scroll of amnesia.
You feel forgetful for a moment.
Okay, then.
Okay, then.
* * * LOW HITPOINT WARNING * * *
You feel sick.
* * * LOW HITPOINT WARNING * * *
You feel sick.
There is an open door here.
You die...

.#...########.#########.
........................
.#############'######.#
. #....).......#
#............#
#............#
#............#
#[.......<...#
#......@.....#
########'###.# #.# .#
#.# #.# # #.###.#
#.)...# #.....# #.....#


There were no monsters in sight!

Vanquished Creatures
  The ghost of 4thArraOfDagon the Vexing, a weakling DsEn (D:3)
  2 adders
  A dart slug (D:1)
  3 bats
  A giant cockroach (D:1)
  A goblin (D:3)
  6 hobgoblins
  A quokka (D:3)
  3 frilled lizards (D:2)
  2 kobolds
  5 rats
26 creatures vanquished.

Notes
Turn   | Place    | Note
-------+----------+-------------------------------------------
     0 | D:1      | sagitran the Gnoll Wanderer began the quest for the Orb.
     0 | D:1      | sagitran set off with: a +2 mace, a +0 ring mail, a scroll of teleportation, a bread ration
     0 | D:1      | Reached XP level 1. HP: 18/18 MP: 1/1
   573 | D:1      | Reached XP level 2. HP: 23/24 MP: 2/2
  1147 | D:2      | Reached XP level 3. HP: 29/29 MP: 3/3
  1357 | D:3      | Found a hazy altar of Hepliaklqana.
  1563 | D:2      | Found a faded altar of an unknown god.
  1965 | D:3      | Noticed 4thArraOfDagon's ghost (weakling DsEn)
  1978 | D:3      | Killed 4thArraOfDagon's ghost
  1978 | D:3      | Reached skill level 8 in Maces & Flails
  1978 | D:3      | Reached XP level 4. HP: 20/37 MP: 4/4
  2041 | D:3      | HP: 1/37 [poisoned by an adder]
  2047 | D:3      | Succumbed to an adder's poison

Vault maps used:
D:1:      grunt_arrival_crossed_arrows
D:2:      chequers_ecumenical_altar_grove
D:3:      old_standard_altar, lemuel_doored_altar

Skill      XL: |  1  2  3 |
---------------+----------+-----
Fighting       | 4 |  4.2
Maces & Flails | 8 |  8.1
Armour         | 2 |  2.4
Dodging        | |  0.9
Stealth        | |  1.7
Shields        | |  1.7

Action                   |  1- 3 |  4- 6 || total
-------------------------+-------+-------++-------
Melee: Mace              |    77 |    29 ||   106
       Bite              |     5 |     3 ||     8
  Use: Scroll            |       |     4 ||     4
       Potion            |       |     1 ||     1
  Eat: Bread ration      |     1 |       ||     1
Armor: Ring mail         |    34 |    16 ||    50
Dodge: Dodged            |    36 |    21 ||    57
